 Dungeon Crawl Stone Soup version 0.20-a0-1039-gf554463 (webtiles) character file.

272 rogsnak the Slasher (level 6, -3/55 HPs)
             Began as a Naga Warper on Apr 22, 2017.
             Killed from afar by an orc wizard (5 damage)
             ... with a magic dart
             ... on level 3 of the Dungeon.
             The game lasted 00:12:46 (2974 turns).

rogsnak the Slasher (Naga Warper)                   Turns: 2974, Time: 00:12:48

Health: -3/55      AC:  5    Str: 13    XL:     6   Next: 23%
Magic:  0/9        EV: 10    Int: 13    God:
Gold:   132        SH:  0    Dex: 13    Spells: 5/9 levels left

rFire    . . .     SeeInvis +   C - +3 dagger (venom)
rCold    . . .     Gourm    .   (no shield)
rNeg     . . .     Faith    .   b - +0 leather armour
rPois    +         Spirit   +   y - +1 helmet
rElec    .         Reflect  .   (no cloak)
rCorr    .         Harm     .   (no gloves)
MR       .....                  (no barding)
Stlth    +.........             s - amulet of guardian spirit
Regen    0.2/turn               (no ring)
MPRegen  0.2/turn               (no ring)

@: very slow
A: see invisible, deformed body, poison resistance, slowness 2, slow metabolism
1, spit poison 1, AC +2
a: Spit Poison


You were on level 3 of the Dungeon.
You were not hungry.

You visited 1 branch of the dungeon, and saw 3 of its levels.

You collected 132 gold pieces.

Inventory:

Hand Weapons
 a - a +0 falchion
 u - a +0 dagger
 x - a +0 hunting sling
 C - a +3 dagger of venom (weapon)
 E - a +1 trident of venom
Missiles
 e - 5 tomahawks of dispersal
 i - 101 stones (quivered)
 m - 8 curare-tipped needles
 w - 11 arrows
 z - 21 sling bullets
 F - a throwing net
Armour
 b - a +0 leather armour (worn)
 y - a +1 helmet (worn)
Jewellery
 s - an amulet of guardian spirit (around neck)
Scrolls
 d - a scroll of blinking
 j - 2 scrolls of identify
 o - a scroll of enchant weapon
 q - a scroll of magic mapping
 t - 2 scrolls of immolation
Potions
 g - a potion of curing
 p - a potion of agility {unknown}
Books
 c - a book of Spatial Translocations

   Spells                             Type                      Level
   a - Blink                          Translocation                2
   b - Shroud of Golubria             Charms/Translocation         2
   c - Lesser Beckoning               Translocation                3
   d - Gell's Gravitas                Translocation                3
   e - Teleport Other                 Translocation                3
   f - Passage of Golubria            Translocation                4
Comestibles
 f - a bread ration
 A - a royal jelly
 D - a chunk of flesh


   Skills:
 + Level 2.8 Fighting
 + Level 3.3 Long Blades
 + Level 1.5 Throwing
 + Level 2.7 Armour
 + Level 2.6 Dodging
 + Level 1.2 Stealth
 + Level 2.3 Spellcasting
 + Level 3.1 Translocations


You had 5 spell levels left.
You knew the following spells:

 Your Spells              Type           Power        Failure   Level  Hunger
a - Blink                 Tloc           N/A          13%         2    ###....
b - Shroud of Golubria    Chrm/Tloc      #.........   26%         2    ###....


Dungeon Overview and Level Annotations

Branches:
Dungeon (3/15)

Altars:


Innate Abilities, Weirdness & Mutations

You cannot wear boots.
Your serpentine skin is tough. (AC +2)
You have supernaturally acute eyesight. (SInv)
Armour fits poorly on your strangely shaped body.
Your system is resistant to poisons. (rPois)
You cover ground very slowly.
You have a slow metabolism.
You can spit poison.


Message History

The orc wizard mumbles some strange words.
The orc wizard blinks!
The orc hits you with a short sword of protection.
You hit the orc but do no damage.
The orc is poisoned.
The orc hits you with a short sword of protection.
Unknown command.
You closely miss the orc.
Unknown command.
You hit the orc but do no damage.
The orc looks as sick as possible!
The orc is lightly wounded.
The orc hits you but does no damage.
Unknown command.
You hit the orc but do no damage.
The orc looks as sick as possible!
The orc is moderately wounded.
The orc explodes!
The fiery explosion engulfs you!
* * * LOW HITPOINT WARNING * * *
The orc wizard casts a spell at you. The magic dart hits you!
You die...

,******* #######.........#.#
,,,,,.,* ##...#...........#.#
,,,,,..**#....#...........#.#
,,,,,...##....#....####..##.#####
,,,,,,........'..................
,,,,,,,.##....#.................#
,,,,.#*,*#...##....##........####
,,,,....##.#.##########.###..#
,,,,,##......#..@§#**##.####.####
,,,>...........§§§§...........#..
*,*,..#.##.###.§.§##....####...#.
*,,,,..,#...#.÷o...........#..##.
***,..**#...#...%..##'#........#.
*,*,,,..#.#......#,,,#.....#.#.
*,*,*.###.....)..#,,,#.....#.#.
*,*,**,*###..%####,,,##....#...
*****,*,*,**##..#⌠,,*'**,⌠.......


You could see an orc wizard.

Vanquished Creatures
  2 orc priests (D:3)
  Natasha (twice) (D:3)
  Robin (D:2)
  3 gnolls (D:3)
  An adder (D:3)
  A worm (D:2)
  A dart slug (D:2)
  4 leopard geckos
  7 orcs (D:3)
  2 giant cockroaches
  12 hobgoblins
  8 jackals
  8 kobolds
  A quokka (D:2)
  13 bats
  8 frilled lizards
  13 goblins
  9 rats
96 creatures vanquished.

Notes
Turn   | Place    | Note
-------+----------+-------------------------------------------
     0 | D:1      | rogsnak the Naga Warper began the quest for the Orb.
     0 | D:1      | Reached XP level 1. HP: 19/19 MP: 3/3
    71 | D:1      | Reached skill level 1 in Throwing
    88 | D:1      | Reached XP level 2. HP: 26/26 MP: 5/5
   374 | D:1      | Reached skill level 1 in Armour
   688 | D:1      | Reached XP level 3. HP: 32/32 MP: 6/6
  1149 | D:2      | Noticed Robin
  1347 | D:2      | Killed Robin
  1347 | D:2      | Reached XP level 4. HP: 21/39 MP: 5/7
  1771 | D:2      | Learned a level 2 spell: Blink
  1774 | D:2      | Learned a level 2 spell: Shroud of Golubria
  2559 | D:3      | Reached XP level 5. HP: 45/45 MP: 8/8
  2859 | D:3      | Noticed Natasha
  2869 | D:3      | Killed Natasha
  2930 | D:3      | Noticed Natasha
  2939 | D:3      | Killed Natasha
  2939 | D:3      | Reached skill level 1 in Stealth
  2948 | D:3      | Reached XP level 6. HP: 12/55 MP: 0/9
  2974 | D:3      | HP: 2/55 [orc/exploding inner flame[the player character] (24)]
  2974 | D:3      | Killed from afar by an orc wizard

Vault maps used:
D:1:      roderic_dead_forest
D:2:      uniq_robin
D:3:      evilmike_ruin_ashenzari, serial_glass, glass_columns_c,
          glass_columns_c, uniq_natasha

Skill      XL: |  1  2  3  4  5 |
---------------+----------------+-----
Throwing       | 1 |  1.5
Armour         | 1 2 |  2.7
Dodging        | 2 |  2.6
Long Blades    | 3 |  3.3
Stealth        | 1 |  1.2
Fighting       | |  2.8
Spellcasting   | |  2.3
Translocations | |  3.1

Action                   |  1- 3 |  4- 6 || total
-------------------------+-------+-------++-------
Melee: Falchion          |   101 |    69 ||   170
       Dagger            |       |    62 ||    62
Throw: Stone             |       |    13 ||    13
 Cast: Blink             |       |     1 ||     1
 Abil: Spit Poison       |    31 |    33 ||    64
  Use: Scroll            |       |     8 ||     8
       Potion            |       |     4 ||     4
  Eat: Chunk             |     2 |     7 ||     9
Armor: Leather armour    |    27 |    44 ||    71
Dodge: Dodged            |    59 |    91 ||   150
       Rpst.: Falchion   |    21 |    12 ||    33
